 Dungeon Crawl Stone Soup version 0.15.2 (webtiles) character file.

2968 HiobMontag the Hoplite (level 9, -6/79 HPs)
             Began as a Hill Orc Fighter on Dec 10, 2014.
             Was a Priest of Beogh.
             Killed by divine providence
             ... invoked by an orc priest
             ... summoned by a boggart
              (12 damage)
             ... on Level 7 of the Dungeon.
             The game lasted 00:45:44 (7693 turns).

HiobMontag the Hoplite (Hill Orc Fighter)           Turns: 7693, Time: 00:45:44

HP  -6/79        AC 18     Str 22      XL: 9   Next: 82%
MP   9/9         EV  5     Int  8      God: Beogh [***...]
Gold 447         SH 13     Dex 11 (12) Spells:  0 memorised,  8 levels left

rFire  . . .     SeeInvis .     f - +1 spear
rCold  + . .     Clarity  .     s - +0 plate armour
rNeg   . . .     rCorr    .     c - +1 shield
rPois  .         rRot     .     l - +0 helmet
rElec  .         Spirit   .     t - +0 cloak
SustAb .         Warding  .     B - +0 pair of gloves
rMut   .         Stasis   .     (no boots)
Gourm  .                        (no amulet)
MR     .....                    n - ring of stealth
                                g - ring of regeneration

@: about to teleport, not resistant to hostile enchantments, extremely
unstealthy
A: agile 1, cold resistance 1, deterioration 1
a: Smiting, Renounce Religion


You were on level 7 of the Dungeon.
You worshipped Beogh.
Beogh was most pleased with you.
You were not hungry.

You visited 1 branch of the dungeon, and saw 7 of its levels.
You also visited: Sewer.

You collected 447 gold pieces.

Inventory:

Hand weapons
 a - a +0 trident
 f - a +1 spear (weapon)
Missiles
 E - 2 tomahawks (quivered)
Armour
 b - a +0 scale mail
 c - a +1 shield (worn)
 e - a +2 robe of cold resistance
 h - a +0 chain mail
 l - a +0 helmet (worn)
 s - a +0 plate armour (worn)
 t - a +0 cloak (worn)
 B - a +0 pair of gloves (worn)
 J - the cursed +0 pair of gloves "Twinir" {rF+ Slay+4, unknown}
   (You found it on level 5 of the Dungeon)

   It affects your accuracy and damage with ranged weapons and melee attacks
   (+4).
   It protects you from fire.
   It has a curse placed upon it.
Magical devices
 k - a wand of fireball (5) {unknown}
 r - a wand of polymorph (18)
 x - a wand of hasting (5) {unknown}
 z - a wand of fire (9) {unknown}
 D - a wand of random effects (18) {unknown}
Comestibles
 d - 4 meat rations
 i - 2 bread rations
 m - a beef jerky
 A - 3 rotting chunks of yak flesh
 H - a slice of pizza
Scrolls
 v - 3 scrolls of teleportation
 y - a scroll of remove curse {unknown}
 C - a scroll of fog {unknown}
 F - a scroll of enchant weapon
 I - 2 scrolls of recharging
Jewellery
 g - a ring of regeneration (left hand)
 j - an uncursed ring of positive energy {unknown}
 n - a ring of stealth (right hand)
Potions
 o - 2 potions of mutation
 q - a potion of poison
 u - 2 potions of flight
 w - a potion of agility
Books
 M - a book of the Tempests

   Spells                             Type                      Level
   Static Discharge                   Conjuration/Air              3
   Lightning Bolt                     Conjuration/Air              5
   Fireball                           Conjuration/Fire             5
   Tornado                            Air                          9
   Shatter                            Earth                        9


   Skills:
 + Level 7.0 Fighting
 + Level 6.5 Polearms
 + Level 1.1 Throwing
 + Level 6.9 Armour
 + Level 4.9 Dodging
 + Level 1.4 Stealth
 + Level 8.1 Shields
 + Level 0.6 Invocations
 + Level 0.4 Evocations


You had 8 spell levels left.
You didn't know any spells.

Dungeon Overview and Level Annotations

Branches:
Dungeon (7/15)             Temple (0/1) D:6

Altars:
Cheibriados
Elyvilon
Makhleb
Trog
Xom
Zin


Innate Abilities, Weirdness & Mutations

You are agile. (Dex +2)
Your flesh is cold resistant.
Your body is slowly deteriorating.


Message History

The orc priest invokes the aid of Beogh against you.
Something smites you!
* * * LOW HITPOINT WARNING * * *
The orc wizard hits you but does no damage.
Drink which item? (? for menu, Esc to quit)
Okay, then.
Read which item? (? for menu, Esc to quit)
As you read the scroll of teleportation, it crumbles to dust.
You feel strangely unstable. You block the orc wizard's attack.
You hit the orc wizard.
The orc wizard is severely wounded.
You block the orc wizard's attack.
You miss the orc wizard.
The orc wizard is severely wounded.
The orc wizard hits you but does no damage.
You hit the orc wizard.
The orc wizard is severely wounded.
The orc priest mumbles some strange prayers to Beogh against you.
Something smites you!
You die...

#......#####.......#
##..#..#
#.....#####.O.##..##
##....#
.........#...####O##
#..#....#
............## #..#
##.## #...
.....####...# ##.##
#..# .. .....# ###.#
#..###ยง## ..#..#
#.# ##..#..# .##..#
## ####o....# .##..#
#@oo#....# .#####
###.###### ....# ###
....# #..## ##.#
#.## #..# ####


You could see an orc priest, an orc wizard and an orc.

Vanquished Creatures
  Joseph (D:7)
  An item mimic (D:7)
  2 yaks (D:7)
  A raven (D:5)
  An orc warrior (D:6)
  3 ogres
  2 black bears
  Sigmund (D:6)
  Duvessa (D:6)
  A giant frog (D:7)
  2 scorpions (D:5)
  2 killer bees
  Dowan (D:6)
  2 quasits
  2 crimson imps
  2 goliath beetles
  4 hounds
  An orc priest (D:6)
  2 centaur skeletons
  A jelly (D:6)
  A giant frog skeleton (D:4)
  4 orc wizards
  An iguana (D:7)
  7 worker ants
  Ijyb (D:6)
  2 gnolls (D:7)
  9 adders
  2 giant mites (Sewer)
  2 shadow imps
  7 worms
  3 giant geckos
  5 oozes (Sewer)
  16 orcs
  8 ball pythons
  8 giant cockroaches
  14 hobgoblins
  18 jackals
  13 kobolds
  6 quokkas
  24 bats
  9 giant newts
  13 goblins
  A goblin zombie (D:5)
  2 hobgoblin skeletons
  16 rats
225 creatures vanquished.

Vanquished Creatures (collateral kills)
  2 yaks (D:7)
  A giant frog (D:7)
3 creatures vanquished.

Vanquished Creatures (others)
  An orc warrior (D:7)
  The ghost of SaintRoka the Cudgeler, an average GrWr (D:3)
  3 orcs
  A kobold (D:3)
  A goblin (D:3)
7 creatures vanquished.

Grand Total: 235 creatures vanquished

Notes
Turn   | Place    | Note
--------------------------------------------------------------
     0 | D:1      | HiobMontag, the Hill Orc Fighter, began the quest for the Orb.
     0 | D:1      | Reached XP level 1. HP: 19/19 MP: 1/1
     3 | D:1      | Noticed an electric eel
     3 | D:1      | Noticed an electric eel
   127 | D:1      | Reached XP level 2. HP: 12/27 MP: 2/2
   457 | D:1      | Reached XP level 3. HP: 29/33 MP: 3/3
   569 | D:1      | Reached skill level 4 in Fighting
  1073 | D:2      | Reached XP level 4. HP: 38/40 MP: 4/4
  1528 | D:3      | Became a worshipper of Beogh the Brigand
  1529 | D:3      | Noticed SaintRoka's ghost (average GrWr)
  1535 | D:3      | Killed SaintRoka's ghost
  1557 | D:3      | Found a glowing drain.
  1569 | D:3      | Reached skill level 1 in Dodging
  1588 | Sewer    | Entered a sewer
  1703 | Sewer    | Reached XP level 5. HP: 33/46 MP: 5/5
  2316 | Sewer    | Acquired Beogh's first power
  2713 | D:3      | Reached XP level 6. HP: 53/53 MP: 6/6
  3571 | D:4      | Acquired Beogh's second power
  3682 | D:4      | Reached XP level 7. HP: 56/60 MP: 7/7
  4114 | D:5      | Entered Level 5 of the Dungeon
  4306 | D:5      | Reached skill level 5 in Shields
  4352 | D:5      | Noticed a raven
  4352 | D:5      | a goliath beetle changed into a raven
  4374 | D:5      | HP: 2/60 [raven (2)]
  4376 | D:5      | Beogh protects you from harm!
  4378 | D:5      | Killed a raven
  4378 | D:5      | Reached skill level 5 in Fighting
  4772 | D:5      | Acquired Beogh's third power
  4862 | D:5      | Reached XP level 8. HP: 53/68 MP: 8/8
  4878 | D:5      | Got a pair of twisted gloves
  4986 | D:5      | Found a glowing silver altar of Zin.
  4990 | D:5      | Found a burning altar of Makhleb.
  4995 | D:5      | Found a snail-covered altar of Cheibriados.
  5129 | D:6      | Found a bloodstained altar of Trog.
  5280 | D:6      | Reached skill level 5 in Armour
  5297 | D:6      | Reached skill level 6 in Shields
  5439 | D:6      | Found a staircase to the Ecumenical Temple.
  5471 | D:6      | Noticed Duvessa
  5474 | D:6      | Noticed Dowan
  5523 | D:6      | Killed Duvessa
  5523 | D:6      | Reached skill level 5 in Polearms
  5689 | D:6      | Noticed Sigmund
  5723 | D:6      | Gained mutation: Your flesh is cold resistant. [potion of mutation]
  5723 | D:6      | Gained mutation: Your body is slowly deteriorating. [potion of mutation]
  5723 | D:6      | Gained mutation: You are agile. (Dex +2) [potion of mutation]
  5812 | D:6      | Killed Sigmund
  5812 | D:6      | Reached skill level 1 in Stealth
  5861 | D:6      | Noticed Ijyb
  5882 | D:6      | Killed Ijyb
  6205 | D:6      | Found a white marble altar of Elyvilon.
  6416 | D:6      | Killed Dowan
  6416 | D:6      | Reached XP level 9. HP: 63/75 MP: 9/9
  6472 | D:7      | Noticed Joseph
  6525 | D:7      | Killed Joseph
  6525 | D:7      | Reached skill level 7 in Shields
  6983 | D:7      | Found a shimmering altar of Xom.
  7008 | D:7      | Killed a long sword mimic
  7008 | D:7      | Reached skill level 1 in Throwing
  7301 | D:7      | Reached skill level 8 in Shields
  7693 | D:7      | Killed from afar by an orc priest

Action                   |  1- 3 |  4- 6 |  7- 9 || total
-------------------------+-------+-------+-------++-------
Melee: Spear             |   183 |   611 |  1083 ||  1877
       Trident           |    15 |       |       ||    15
Throw: Stone             |     9 |     3 |       ||    12
       Tomahawk          |       |       |    18 ||    18
Invok: Convert to Beogh  |       |     1 |       ||     1
       Smiting           |       |       |     5 ||     5
Evoke: Wand              |       |       |     6 ||     6
  Use: Scroll            |     3 |     6 |     3 ||    12
       Potion            |     1 |       |    18 ||    19
 Stab: Invisible         |       |       |     4 ||     4
  Eat: Chunk             |     1 |    11 |    17 ||    29
       Bread ration      |       |       |     1 ||     1
       Beef jerky        |       |       |     1 ||     1
